 Dungeon Crawl Stone Soup version 0.31.0-11-ge490571c62 (webtiles) character file.

Game seed: 15700033133186207469

7430 ChrisAssaf the Grappler (level 11, -4/87 HPs)
             Began as a Gnoll Shapeshifter on Feb 10, 2024.
             Was a Believer of Qazlal.
             Slain by a yak (11 damage)
             ... on level 9 of the Dungeon.
             The game lasted 00:31:34 (10533 turns).

ChrisAssaf the Grappler (Gnoll Shapeshifter)       Turns: 10533, Time: 00:31:35

Health: -4/87      AC:  8    Str: 20    XL:     11   Next: 15%
Magic:  19/20      EV: 12    Int: 19    God:    Qazlal [**....]
Gold:   619        SH:  3    Dex: 11    Spells: 6/22 levels left

rFire   . .          .
                       - Unarmed
rCold   . . .        (shield currently unavailable)
rNeg    . . .        a - melded +0 animal skin
rPois   +            (helmet currently unavailable)
rElec   .            (cloak currently unavailable)
rCorr   .            j - melded +2 pair of gloves "Piuwatol" {Int+4}
SInv    .            (boots currently unavailable)
Will    .....        (no amulet)
Stlth   ++           v - ring of wizardry
HPRegen 0.34/turn    q - +6 ring of intelligence
MPRegen 0.17/turn

%: wizardry (x1)
@: snake-form
A: constrict, large, (fangs 1), strong nose, distributed training
a: Begin Untransformation, Renounce Religion, Upheaval


You were on level 9 of the Dungeon.
You worshipped Qazlal.
Qazlal was pleased with you.
You were an enormous serpent.
You visited 2 branches of the dungeon, and saw 10 of its levels.
You also visited: Ossuary.

You collected 619 gold pieces.

Inventory:

Hand Weapons
 n - a +0 glaive of freezing
Missiles
 o - a throwing net
 t - 2 curare-tipped darts (quivered)
Armour
 a - a +0 animal skin (melded)
 j - the +2 pair of gloves "Piuwatol" (melded) {Int+4}
   (You found it on level 3 of the Dungeon)

   Int+4:     It affects your intelligence (+4).
 k - a +3 buckler
Jewellery
 l - a +6 ring of dexterity
 p - a ring of fire
 q - a +6 ring of intelligence (right hand)
 v - a ring of wizardry (left hand)
Talismans
 c - a beast talisman
 d - a flux talisman
 x - a serpent talisman (active)
Wands
 e - a wand of flame (20)
 s - a wand of mindburst (4)
 z - a wand of charming (3)
 C - a wand of iceblast (1)
Scrolls
 y - a scroll of teleportation
 A - 2 scrolls of noise
 D - a scroll of amnesia
Potions
 b - a potion of lignification
 f - a potion of cancellation {unknown}
 g - 2 potions of invisibility {unknown}
 i - a potion of might {unknown}
 m - 4 potions of attraction
 r - 3 potions of brilliance {unknown}
 u - 2 potions of curing {unknown}
 w - a potion of resistance {unknown}


   Skills:
 + Level 6.8 Fighting
 + Level 6.2 Short Blades
 + Level 6.2 Long Blades
 + Level 6.2 Axes
 + Level 6.2 Maces & Flails
 + Level 6.2 Polearms
 + Level 6.2 Staves
 + Level 6.2 Ranged Weapons
 + Level 6.2 Throwing
 + Level 6.2 Armour
 + Level 7.8 Dodging
 + Level 6.2 Stealth
 + Level 6.2 Shields
 + Level 9.1 Unarmed Combat
 + Level 6.2 Spellcasting
 + Level 5.1 Conjurations
 + Level 5.1 Hexes
 + Level 5.1 Summonings
 + Level 5.1 Necromancy
 + Level 5.1 Translocations
 + Level 5.1 Fire Magic
 + Level 5.1 Ice Magic
 + Level 5.1 Air Magic
 + Level 5.1 Earth Magic
 + Level 5.1 Alchemy
 + Level 6.8 Invocations
 + Level 6.2 Evocations
 + Level 8.8 Shapeshifting


You had 6 spell levels left.
You knew the following spells:

 Your Spells              Type           Power      Damage    Failure   Level
a - Inner Flame           Hex/Fire       25%        N/A       1%          3
b - Flame Wave            Conj/Fire      25%        2d8       5%          4
c - Irradiate             Conj/Alch      12%        3d15      14%         5
d - Scorch                Fire           50%        2d7       1%          2
e - Call Imp              Summ           50%        N/A       1%          2

Your spell library contained the following spells:

 Spells                   Type           Power      Damage    Failure   Level
 Apportation              Tloc           50%        N/A       1%          1
 Jinxbite                 Hex            50%        N/A       1%          2
 Sublimation of Blood     Necr           25%        N/A       1%          2
 Petrify                  Alch/Erth      25%        N/A       5%          4
 Sticky Flame             Fire/Alch      25%        2d6       5%          4
 Alistair's Intoxication  Alch           16%        N/A       14%         5
 Conjure Ball Lightning   Conj/Air       12%        3x3d6     58%         6
 Summon Cactus Giant      Summ           12%        N/A       58%         6
 Summon Hydra             Summ           12%        N/A       98%         7
 Discord                  Hex            12%        N/A       100%        8
 Disjunction              Tloc           12%        N/A       100%        8


Dungeon Overview and Level Annotations

Branches:
Dungeon (9/15)             Temple (1/1) D:5         Ossuary (visited)
   Lair: D:8-11         Orc: D:9-12

Altars:
Ashenzari
Dithmenos
Elyvilon
Hepliaklqana
Kikubaaqudgha
Makhleb
Okawaru
Qazlal
Ru
Sif Muna
Trog
Wu Jian
Xom
Yredelemnul
Zin
The Shining One

Shops:
D:3 =(!!

Annotations:
D:6 Prince Ribbit


Innate Abilities, Weirdness & Mutations

You are an enormous serpent.
You have a powerful constriction melee attack.
Your armour is entirely melded.
You are incapable of wielding weapons or throwing items.
((You have very sharp teeth.))
Your uncanny sense of smell can sniff out nearby items.
Your experience applies equally to all skills.


Message History

Magma suddenly erupts from the ground!
The blast of magma engulfs the two-headed ogre!!
The two-headed ogre is heavily wounded.
You can no longer give life to nearby clouds.
You hear a bellow! x7
You hit the two-headed ogre. Your grab misses the two-headed ogre.
The two-headed ogre is heavily wounded.
The two-headed ogre barely misses you.
The two-headed ogre hits you with a +0 giant spiked club!
You body-slam the two-headed ogre!!
Your grab misses the two-headed ogre.
The two-headed ogre is almost dead.
You block the two-headed ogre's attack.
The two-headed ogre hits you with a +0 giant spiked club!!
* * * LOW HITPOINT WARNING * * *
You hit the two-headed ogre but do no damage.
You grab the two-headed ogre.
The two-headed ogre is almost dead.
You constrict the two-headed ogre.
Unknown command.
You hit the two-headed ogre.
The two-headed ogre is almost dead.
You constrict the two-headed ogre.
You kill the two-headed ogre!
Qazlal accepts your kill.
A yak comes into view.
Things that are here:
a +0 giant club; a +0 giant spiked club You lash the yak!
You grab the yak.
The yak is moderately wounded.
You constrict the yak. The yak gores you!
* * * LOW HITPOINT WARNING * * *
You lash the yak!
The yak is severely wounded.
You constrict the yak. You hit the yak.
The yak is almost dead.
You constrict the yak.
A yak comes into view. x2
The yak gores you!
You die...

... .... ### ##... ###~~
.....###~~~ #### #
....Y#~~~~###..># ###
....Y...~##.....# .#.#
#..........☼....# #... #..
#...)YS....# #...
#####.###.###.......... ..##
........##.............. ∆....
......##..†.......###.... ....
.....#............# ∆ ... . ....
............<.....# ∆ .# ∆...#.#
#.....#....)...#...#.. #...#..###
......#.......###.....##...##....
......#....#...# ..........#..##.


You could see 3 yaks.

Vanquished Creatures
  2 two-headed ogres
  A boulder beetle (D:9)
  Pikel (D:8)
  Jeremiah (D:8)
  Maggie (D:8)
  An unseen horror zombie (D:8)
  Grinder (D:5)
  5 yaks (D:8)
  A wraith (D:8)
  A steam dragon (D:7)
  2 acid dragons
  Duvessa (D:4)
  A hornet zombie (D:8)
  An orc warrior (D:9)
  2 sky beasts
  An ogre (D:6)
  3 lemures (D:8)
  A centaur (D:9)
  2 kobold brigands
  2 bullfrogs (D:7)
  4 scorpions
  4 wights (D:9)
  Dowan (D:4)
  4 howler monkeys
  3 jellies
  3 bombardier beetles
  3 centaur zombies (D:8)
  6 hounds
  4 orc priests
  A sleepcap (D:6)
  3 iguanas
  2 orc wizards (D:8)
  2 killer bee zombies (D:8)
  8 mummies (Ossuary)
  A howler monkey zombie (D:8)
  12 gnolls
  6 adders
  A shadow imp (D:7)
  4 white imps
  2 dart slugs
  A ribbon worm (D:4)
  18 orcs
  10 ball pythons
  6 endoplasms
  4 giant cockroaches
  11 goblins
  4 hobgoblins
  9 jackals
  29 kobolds
  4 quokkas
  5 bats
  4 frilled lizards
  2 gnoll zombies (Ossuary)
  4 hobgoblin zombies (Ossuary)
  2 orc zombies (Ossuary)
  4 rats
  2 butterflies (D:7)
224 creatures vanquished.

Vanquished Creatures (collateral kills)
  A gnoll sergeant (D:7)
1 creature vanquished.

Vanquished Creatures (others)
  A yak (D:8)
1 creature vanquished.

Grand Total: 226 creatures vanquished

Notes
Turn   | Place    | Note
-------+----------+-------------------------------------------
     0 | D:1      | ChrisAssaf the Gnoll Shapeshifter began the quest for the
                  | Orb.
     0 | D:1      | Reached XP level 1. HP: 17/17 MP: 1/1
   155 | D:1      | Reached XP level 2. HP: 21/23 MP: 2/2
   442 | D:1      | Reached XP level 3. HP: 26/28 MP: 3/3
   607 | D:3      | Found Hoifyv's Weapon Shop.
   644 | D:3      | Found Keosipt's Distillery.
   758 | D:3      | Found Metomext's Distillery.
   833 | D:3      | Reached skill level 1 in Invocations
   936 | D:3      | Found an ornate altar of the Wu Jian Council.
   952 | D:3      | Identified the +2 pair of gloves "Piuwatol" {Int+4}
   963 | D:3      | Learned a level 3 spell: Inner Flame
  1181 | D:3      | Found Xuiv's Jewellery Boutique.
  1548 | D:4      | Reached skill level 1 in Short Blades
  1548 | D:4      | Reached skill level 1 in Long Blades
  1548 | D:4      | Reached skill level 1 in Axes
  1548 | D:4      | Reached skill level 1 in Maces & Flails
  1548 | D:4      | Reached skill level 1 in Polearms
  1548 | D:4      | Reached skill level 1 in Staves
  1548 | D:4      | Reached skill level 1 in Ranged Weapons
  1548 | D:4      | Reached skill level 1 in Throwing
  1548 | D:4      | Reached skill level 1 in Armour
  1548 | D:4      | Reached skill level 1 in Stealth
  1548 | D:4      | Reached skill level 1 in Shields
  1548 | D:4      | Reached skill level 1 in Spellcasting
  1548 | D:4      | Reached skill level 1 in Evocations
  1548 | D:4      | Reached XP level 4. HP: 23/34 MP: 5/5
  1570 | D:4      | Reached skill level 1 in Conjurations
  1570 | D:4      | Reached skill level 1 in Hexes
  1570 | D:4      | Reached skill level 1 in Summonings
  1570 | D:4      | Reached skill level 1 in Necromancy
  1570 | D:4      | Reached skill level 1 in Translocations
  1570 | D:4      | Reached skill level 1 in Fire Magic
  1570 | D:4      | Reached skill level 1 in Ice Magic
  1570 | D:4      | Reached skill level 1 in Air Magic
  1570 | D:4      | Reached skill level 1 in Earth Magic
  1570 | D:4      | Reached skill level 1 in Alchemy
  1656 | D:4      | Reached XP level 5. HP: 38/40 MP: 5/7
  1674 | D:4      | Noticed Duvessa
  1675 | D:4      | Noticed Dowan
  1687 | D:4      | Killed Duvessa
  1688 | D:4      | Reached XP level 6. HP: 24/47 MP: 8/8
  1691 | D:4      | Killed Dowan
  1692 | D:4      | Reached skill level 5 in Dodging
  1770 | D:4      | Found a hazy altar of Hepliaklqana.
  1800 | D:5      | Entered Level 5 of the Dungeon
  1832 | D:5      | Found a glowing golden altar of the Shining One.
  1872 | D:5      | Reached skill level 7 in Unarmed Combat
  1872 | D:5      | Reached XP level 7. HP: 49/52 MP: 10/10
  1879 | D:5      | Learned a level 4 spell: Flame Wave
  2021 | D:5      | Noticed Grinder
  2039 | D:5      | Killed Grinder
  2040 | D:5      | Found a staircase to the Ecumenical Temple.
  2095 | Temple   | Entered the Ecumenical Temple
  2131 | Temple   | Became a worshipper of Qazlal Stormbringer
  2299 | D:5      | Found a burning altar of Makhleb.
  2364 | D:5      | Reached XP level 8. HP: 60/60 MP: 12/12
  5051 | D:6      | Reached * piety under Qazlal
  5288 | D:6      | Learned a level 5 spell: Irradiate
  5721 | D:6      | Learned a level 2 spell: Scorch
  6729 | D:6      | Noticed Prince Ribbit
  6885 | D:7      | Reached XP level 9. HP: 60/66 MP: 14/14
  7285 | D:7      | Found a sand-covered staircase.
  7313 | D:7      | Reached skill level 5 in Fighting
  7317 | Ossuary  | Entered an ossuary
  7342 | Ossuary  | Reached ** piety under Qazlal
  7496 | Ossuary  | Learned a level 2 spell: Call Imp
  8251 | D:7      | Reached skill level 8 in Unarmed Combat
  8251 | D:7      | Found a shimmering altar of Xom.
  8399 | D:8      | Found a broken altar of Ashenzari.
  8485 | D:8      | Noticed Pikel
  8498 | D:8      | Killed Pikel
  8499 | D:8      | Reached skill level 5 in Invocations
  8651 | D:8      | Reached skill level 5 in Short Blades
  8651 | D:8      | Reached skill level 5 in Long Blades
  8651 | D:8      | Reached skill level 5 in Axes
  8651 | D:8      | Reached skill level 5 in Maces & Flails
  8651 | D:8      | Reached skill level 5 in Polearms
  8651 | D:8      | Reached skill level 5 in Staves
  8651 | D:8      | Reached skill level 5 in Ranged Weapons
  8651 | D:8      | Reached skill level 5 in Throwing
  8651 | D:8      | Reached skill level 5 in Armour
  8651 | D:8      | Reached skill level 5 in Stealth
  8651 | D:8      | Reached skill level 5 in Shields
  8651 | D:8      | Reached skill level 5 in Spellcasting
  8651 | D:8      | Reached skill level 5 in Evocations
  8651 | D:8      | Reached XP level 10. HP: 56/76 MP: 17/17
  8878 | D:8      | Noticed Jeremiah
  8892 | D:8      | HP: 3/74 [Jeremiah/divine providence (10)]
  8893 | D:8      | Noticed a two-headed ogre
  8905 | D:8      | Killed a two-headed ogre
  8945 | D:8      | Killed Jeremiah
  9256 | D:8      | Found a basalt altar of Yredelemnul.
  9377 | D:8      | Noticed Maggie
  9384 | D:8      | Killed Maggie
 10009 | D:9      | Noticed a boulder beetle
 10092 | D:9      | Killed a boulder beetle
 10093 | D:9      | Reached skill level 9 in Unarmed Combat
 10129 | D:9      | Reached skill level 5 in Conjurations
 10129 | D:9      | Reached skill level 5 in Hexes
 10129 | D:9      | Reached skill level 5 in Summonings
 10129 | D:9      | Reached skill level 5 in Necromancy
 10129 | D:9      | Reached skill level 5 in Translocations
 10129 | D:9      | Reached skill level 5 in Fire Magic
 10129 | D:9      | Reached skill level 5 in Ice Magic
 10129 | D:9      | Reached skill level 5 in Air Magic
 10129 | D:9      | Reached skill level 5 in Earth Magic
 10129 | D:9      | Reached skill level 5 in Alchemy
 10139 | D:9      | Found a white marble altar of Elyvilon.
 10168 | D:9      | Reached XP level 11. HP: 49/82 MP: 20/20
 10182 | D:9      | HP: 2/85 [orc/+0 whip (5)]
 10223 | D:9      | Reached *** piety under Qazlal
 10514 | D:9      | Noticed a two-headed ogre
 10524 | D:9      | Killed a two-headed ogre
 10533 | D:9      | Slain by a yak

Illustrated notes

Levels and vault maps discovered:
D:1:      dpeg_arrival_prison, layout_loops_corners
D:2:      layout_basic
D:3:      wander_river, layout_basic, nicolae_wu_jian_wuxing_cycle,
          serial_shops, shop, shop, shop, shop, chequers_mini_garden
D:4:      minmay_razor_zed, layout_rooms, general_overflow_altar,
          kennysheep_opposing_triangles, uniq_duvessa
D:5:      layout_gridville, lemuel_crystal_altar, tso_altar,
          minmay_temple_entry_glass, nrook_campfire, nicolae_figureground_pulse,
          uniq_grinder
D:6:      kennysheep_kobold_camp, layout_basic, nicolae_overflow_hidden_temple,
          uniq_prince_ribbit1
D:7:      layout_layer_cave, xom_butterflies, nicolae_ossuary_entry_monument
D:8:      layout_basic, mainiacjoe_overflow_alcove_2,
          nicolae_yredelemnul_corpse_copse, chequers_serial_rivers_small_a,
          uniq_jeremiah, uniq_maggie, uniq_pikel
D:9:      layout_cave_pools, elyvilon_altar_4, chequers_serial_rivers_large_b
Temple:   nicolae_temple_godpark

Skill      XL: |  1  2  3  4  5  6  7  8  9 10 |
---------------+-------------------------------+-----
Invocations    | 1 2 3 4 5 6 |  6.8
Short Blades   | 1 2 3 5 6 |  6.2
Long Blades    | 1 2 3 5 6 |  6.2
Axes           | 1 2 3 5 6 |  6.2
Maces & Flails | 1 2 3 5 6 |  6.2
Polearms       | 1 2 3 5 6 |  6.2
Staves         | 1 2 3 5 6 |  6.2
Ranged Weapons | 1 2 3 5 6 |  6.2
Throwing       | 1 2 3 5 6 |  6.2
Armour         | 1 2 3 5 6 |  6.2
Stealth        | 1 2 3 5 6 |  6.2
Shields        | 1 2 3 5 6 |  6.2
Spellcasting   | 1 2 3 5 6 |  6.2
Evocations     | 1 2 3 5 6 |  6.2
Conjurations   | 1 2 3 4 5 |  5.1
Hexes          | 1 2 3 4 5 |  5.1
Summonings     | 1 2 3 4 5 |  5.1
Necromancy     | 1 2 3 4 5 |  5.1
Translocations | 1 2 3 4 5 |  5.1
Fire Magic     | 1 2 3 4 5 |  5.1
Ice Magic      | 1 2 3 4 5 |  5.1
Air Magic      | 1 2 3 4 5 |  5.1
Earth Magic    | 1 2 3 4 5 |  5.1
Alchemy        | 1 2 3 4 5 |  5.1
Fighting       | 3 4 5 6 |  6.8
Dodging        | 5 6 7 |  7.8
Unarmed Combat | 7 8 9 |  9.1
Shapeshifting  | 7 8 |  8.8

Action                     |  1- 3 |  4- 6 |  7- 9 | 10-12 || total
---------------------------+-------+-------+-------+-------++-------
  Melee: Unarmed           |   103 |    66 |   353 |   113 ||   635
         Bite              |     7 |    10 |    38 |       ||    55
         Punch             |       |       |     5 |       ||     5
         Constrict         |       |       |    11 |    23 ||    34
   Cast: Scorch            |       |       |     3 |     1 ||     4
         Irradiate         |       |       |     2 |       ||     2
         Inner Flame       |       |       |     5 |     4 ||     9
         Call Imp          |       |       |     1 |     2 ||     3
         Flame Wave        |       |       |     1 |       ||     1
 Invoke: Upheaval          |       |       |     1 |     2 ||     3
  Evoke: Wand              |       |       |    13 |    15 ||    28
    Use: Scroll            |     3 |     1 |    11 |     3 ||    18
         Potion            |       |     2 |     2 |     3 ||     7
 Armour: Skin              |    26 |    19 |   104 |    82 ||   231
         Animal skin       |       |       |    26 |       ||    26
  Dodge: Dodged            |    88 |    53 |   242 |    50 ||   433
  Block: Other             |       |       |     9 |    15 ||    24
   Form: Flux              |     1 |       |       |       ||     1
         Beast             |       |       |     1 |       ||     1
         Serpent           |       |       |     1 |       ||     1
